 Dungeon Crawl Stone Soup version 0.27-a0-1184-ge86db4a01e (webtiles) character file.

Game seed: 15077130922921995536

125526 wakim the Brawler (level 16, -21/161 HPs)
             Began as a Troll Fighter on May 18, 2021.
             Was a High Priest of Qazlal.
             Demolished by an ettin
             ... wielding a +0 dire flail
              (30 damage)
             ... while paralysed by a great orb of eyes
             ... on level 1 of the Depths on May 19, 2021.
             The game lasted 01:28:23 (22566 turns).

wakim the Brawler (Troll Fighter)                  Turns: 22566, Time: 01:28:23

Health: -21/161    AC: 24    Str: 33    XL:     16   Next: 41%
Magic:  23/23      EV:  1    Int:  4    God:    Qazlal [*****.]
Gold:   1710       SH:  0    Dex:  9    Spells: 15/15 levels left

rFire    . . .     SeeInvis +     - Unarmed
rCold    . . .     Faith    .   b - +0 kite shield
rNeg     + . .     Spirit   .   f - +1 pearl dragon scales "Mekiwesem" {rElec rF- rN+ Will++ rCorr}
rPois    +         Reflect  .   P - +0 hat
rElec    +         Harm     .   z - +1 cloak {rPois}
rCorr    +         Rampage  .   (gloves unavailable)
Will     +++..                  (boots unavailable)
Stlth    ..........             t - amulet of the acrobat
HPRegen  1.36/turn              K - ring "Earthly Heaven" {rF+ rCorr}
MPRegen  0.18/turn              d - ring of see invisible

@: paralysed, protected from physical damage, repel missiles
A: large, unfitting armour, claws 3, regeneration 1, shaggy fur 1, tough skin 1
a: Renounce Religion, Upheaval, Elemental Force, Disaster Area


You were on level 1 of the Depths.
You worshipped Qazlal.
Qazlal was extremely pleased with you.
You visited 4 branches of the dungeon, and saw 23 of its levels.
You also visited: Gauntlet and Ice Cave.

You collected 2214 gold pieces.
You spent 504 gold pieces at shops.

Inventory:

Missiles
 a - 5 silver javelins
 e - 38 poisoned darts
 g - 12 javelins
 h - 36 large rocks (quivered) {=f}
 l - 14 boomerangs
 p - 6 silver boomerangs
 s - 13 atropa-tipped darts
 Q - 4 datura-tipped darts
Armour
 b - a +0 kite shield (worn)
 f - the +1 pearl dragon scales "Mekiwesem" (worn) {rElec rF- rN+ Will++ rCorr}
   (You acquired it on level 11 of the Dungeon)

   It makes you vulnerable to fire.
   It insulates you from electricity.
   It protects you from negative energy.
   It protects you from acid and corrosion.
   It greatly increases your willpower.
 z - a +1 cloak of poison resistance (worn)
 P - a +0 hat (worn)
Jewellery
 c - the ring "Umyl" {rC+ rN+}
   (You found it on level 4 of the Dungeon)

   [ring of protection from cold]

   It protects you from cold.
   It protects you from negative energy.
 d - a ring of see invisible (right claw)
 i - a ring of flight
 j - a ring of poison resistance
 m - a +4 ring of evasion
 o - a ring of protection from cold
 q - a +6 ring of strength
 t - an amulet of the acrobat (around neck)
 K - the ring "Earthly Heaven" (left claw) {rF+ rCorr}
   (You took it off a minotaur in a Gauntlet)

   [ring of resist corrosion]

   It protects you from fire.
   It protects you from acid and corrosion.
Wands
 u - a wand of mindburst (37)
 v - a wand of flame (60)
 w - a wand of acid (12)
 x - a wand of iceblast (33)
 y - a wand of charming (9)
Scrolls
 k - 6 scrolls of enchant armour
 n - 6 scrolls of enchant weapon
 r - 7 scrolls of identify
 R - 5 scrolls of magic mapping {!r}
 S - 2 scrolls of summoning
 T - 7 scrolls of teleportation
 U - 2 scrolls of fear
 V - a scroll of brand weapon
 W - a scroll of holy word
 X - 3 scrolls of fog
 Y - 2 scrolls of blinking {!r}
 Z - 2 scrolls of silence {!r}
Potions
 A - 6 potions of ambrosia
 B - 7 potions of attraction {!q}
 C - 5 potions of berserk rage {!q}
 D - 2 potions of brilliance
 E - a potion of cancellation
 F - 8 potions of curing
 G - 6 potions of flight
 H - 4 potions of haste
 I - a potion of invisibility
 J - 6 potions of heal wounds
 M - 3 potions of mutation {!q}
 N - 2 potions of might
 O - 3 potions of resistance


   Skills:
 * Level 10.8 Fighting
 + Level 10.5 Throwing
 + Level 12.2 Armour
 - Level 9.0 Dodging
 - Level 6.0 Shields
 + Level 15.1 Unarmed Combat
 + Level 10.7 Invocations


You had 15 spell levels left.
You didn't know any spells.
Your spell library contained the following spells:

 Spells                   Type           Power      Damage    Failure   Level
 Animate Skeleton         Necr           0%         N/A       90%         1
 Apportation              Tloc           0%         N/A       90%         1
 Beastly Appendage        Tmut           0%         N/A       90%         1
 Corona                   Hex            0%         N/A       90%         1
 Foxfire                  Conj/Fire      0%         2x1d4     90%         1
 Sting                    Tmut/Pois      0%         1d3       90%         1
 Summon Small Mammal      Summ           0%         N/A       90%         1
 Blink                    Tloc           N/A        N/A       97%         2
 Call Imp                 Summ           0%         N/A       97%         2
 Passwall                 Tmut/Erth      0%         N/A       97%         2
 Poisonous Vapours        Pois/Air       0%         N/A       97%         2
 Slow                     Hex            0%         N/A       97%         2
 Wereblood                Tmut           0%         N/A       97%         2
 Call Canine Familiar     Summ           0%         N/A       99%         3
 Confusing Touch          Hex            0%         N/A       99%         3
 Conjure Flame            Conj/Fire      0%         6-21      99%         3
 Gell's Gravitas          Tloc           0%         N/A       99%         3
 Ignite Poison            Fire/Tmut/Pois 0%         N/A       99%         3
 Inner Flame              Hex/Fire       0%         N/A       99%         3
 Lesser Beckoning         Tloc           0%         N/A       99%         3
 Mephitic Cloud           Conj/Pois/Air  0%         N/A       99%         3
 Portal Projectile        Hex/Tloc       0%         N/A       99%         3
 Spider Form              Tmut/Pois      0%         N/A       99%         3
 Summon Guardian Golem    Hex/Summ       0%         N/A       99%         3
 Swiftness                Air            0%         N/A       99%         3
 Teleport Other           Tloc           0%         N/A       99%         3
 Animate Armour           Summ/Erth      0%         N/A       100%        4
 Cause Fear               Hex            0%         N/A       100%        4
 Ice Form                 Ice/Tmut       0%         N/A       100%        4
 Leda's Liquefaction      Hex/Erth       0%         N/A       100%        4
 Olgreb's Toxic Radiance  Pois           0%         N/A       100%        4
 Passage of Golubria      Tloc           N/A        N/A       100%        4
 Petrify                  Tmut/Erth      0%         N/A       100%        4
 Sticky Flame             Conj/Fire      0%         2d3       100%        4
 Summon Ice Beast         Ice/Summ       0%         N/A       100%        4
 Summon Lightning Spire   Summ/Air       0%         N/A       100%        4
 Bolt of Magma            Conj/Fire/Erth 0%         4d4       100%        5
 Fireball                 Conj/Fire      0%         3d3       100%        5
 Hydra Form               Tmut           0%         N/A       100%        5
 Lee's Rapid Deconstruct  Erth           0%         3d5*      100%        5
 Manifold Assault         Tloc           0%         N/A       100%        5
 Metabolic Englaciation   Hex/Ice        0%         N/A       100%        5
 Yara's Violent Unravell  Hex/Tmut       0%         3d3       100%        5
 Freezing Cloud           Conj/Ice/Air   0%         6-21      100%        6
 Invisibility             Hex            0%         N/A       100%        6
 Iron Shot                Conj/Erth      0%         9d1       100%        6
 Simulacrum               Ice/Necr       0%         N/A       100%        6
 Starburst                Conj/Fire      0%         8x6d3     100%        6
 Statue Form              Tmut/Erth      0%         N/A       100%        6
 Ozocubu's Refrigeration  Ice            0%         4d5       100%        7
 Ignition                 Fire           0%         3d3       100%        8
 Shatter                  Erth           0%         3d5*      100%        9


Dungeon Overview and Level Annotations

Branches:
Dungeon (15/15)            Temple (1/1) D:4            Lair (6/6) D:10
  Swamp (0/4) Lair:4        Snake (0/4) Lair:2        Slime (0/5) Lair:5
    Orc (0/2) D:11         Vaults (0/5) D:13         Depths (1/5) D:15
  IceCv (visited)         Gauntlet (visited)

Altars:
Ashenzari
Cheibriados
Dithmenos
Fedhas
Gozag
Okawaru
Qazlal
Ru
Sif Muna
Vehumet
Xom
Yredelemnul
Zin
The Shining One

Shops:
D:5 [   D:6 *   D:9 !*[*[   D:15 *

Annotations:
D:7 dig?
D:8 dig?
Lair:4 exclusion: 4 oklob plants


Innate Abilities, Weirdness & Mutations

You are too large for most types of armour.
You have claws for hands.
Your natural rate of healing is unusually fast.
You are covered in fur. (AC +1)
You have tough skin. (AC +1)


Message History

The great orb of eyes is engulfed in freezing vapours.
You mangle the stone giant!!
The stone giant is heavily wounded.
The stone giant hits you!!
* * * LOW HITPOINT WARNING * * *
You eviscerate the stone giant!!!
The stone giant is almost dead.
You block the stone giant's attack.
You mangle the stone giant!!
You kill the stone giant!
Qazlal accepts your kill.
The great orb of eyes is engulfed in freezing vapours.
The great orb of eyes gazes at you. You resist with almost no effort.
The ettin is engulfed in freezing vapours.
There is a staircase back to the Dungeon, spattered with blood here.
You climb upwards.
Welcome back to the Dungeon!
There is a staircase to the Depths, spattered with blood here.
You start resting.
HP restored.
You climb downwards.
Welcome back to the Depths!
The great orb of eyes gazes at you.
You suddenly lose the ability to move!
The ettin hits you with a +0 dire flail!!
The ettin hits you with a +2 dire flail of holy wrath!!
The ettin hits you with a +0 dire flail!!
* * * LOW HITPOINT WARNING * * *
The ettin hits you with a +2 dire flail of holy wrath!!
* * * LOW HITPOINT WARNING * * *
The ettin hits you with a +0 dire flail!
* * * LOW HITPOINT WARNING * * *
You feel protected from physical attacks.
The ettin hits you with a +2 dire flail of holy wrath!
* * * LOW HITPOINT WARNING * * *
The great orb of eyes is engulfed in blazing flames.
The great orb of eyes bites you but does no damage.
The ettin hits you with a +0 dire flail!!
* * * LOW HITPOINT WARNING * * *
The ettin hits you with a +2 dire flail of holy wrath!!
You die...

##.'#...#'.##
#####.....####
#.............#
#....C.8......#
#.............#
#.###[รท...###.#
###(.#...#+ ##
#CGC#...#
#@.##...#
#####...# #####


You could see a stone giant, a great orb of eyes and an ettin.

Vanquished Creatures
  Roxanne (D:15)
  Kirke (D:14)
  A fire giant (Depths:1)
  Louise (D:15)
  4 stone giants (Depths:1)
  A minotaur (Gauntlet)
  An ettin (D:14)
  The ghost of feelmyfire the Black Belt, a journeyman DsAK of Lugonu (Lair:4)
  2 great orbs of eyes (Depths:1)
  13 hydras
  2 boulder beetles
  4 vault guards (D:13)
  5 ice dragons
  2 death knights
  The ghost of Tribosh the Cleaver, a journeyman FoFi of Okawaru (D:10)
  3 catoblepae
  An ogre mage (D:15)
  8 centaur warriors
  7 two-headed ogres
  A dancing weapon (D:9)
  A deep troll shaman (Depths:1)
  14 death yaks
  2 tengu warriors
  Urug (Lair:1)
  8 skeletal warriors
  2 iron trolls
  3 deep trolls
  11 ugly things
  A necromancer (D:15)
  5 deep elf pyromancers
  2 manticores
  A salamander (shapeshifter) (D:15)
  12 elephants
  4 black mambas
  7 cyclopes
  An apocalypse crab (Gauntlet)
  2 ice statues (IceCv)
  A torpor snail (Lair:3)
  4 gargoyles
  14 cane toads
  An unseen horror (D:12)
  Psyche (D:8)
  6 kobold demonologists
  A tengu conjurer (D:15)
  An efreet (D:15)
  A freezing wraith (D:14)
  5 rime drakes
  11 komodo dragons
  A wind drake (shapeshifter) (D:13)
  A merfolk (shapeshifter) (Gauntlet)
  6 polar bears
  3 meliai (Lair:4)
  3 trolls
  4 hornets
  A queen bee (Lair:4)
  2 jumping spiders (shapeshifter)
  A meliai zombie (D:11)
  A meliai (shapeshifter) (D:14)
  2 slime creatures
  7 blink frogs
  9 dream sheep
  5 wraiths
  5 redbacks (D:14)
  A shadow (D:11)
  Sigmund (D:6)
  13 spriggans (Lair:6)
  5 basilisks
  28 yaks
  A vampire (D:10)
  2 hogs (D:14)
  7 wyverns
  A hog (shapeshifter) (D:15)
  3 steam dragons
  3 vampire mosquitoes
  Menkaure (D:6)
  3 nagas (Lair:2)
  23 water moccasins
  3 acid dragons
  7 orc warriors
  A swamp drake (shapeshifter) (D:14)
  2 sky beasts
  8 black bears
  24 ice beasts
  5 boggarts (Lair:6)
  26 wolves
  12 centaurs
  4 ogres
  2 phantoms (D:11)
  A kobold brigand (D:12)
  A wyvern zombie (D:6)
  15 bullfrogs
  A scorpion (D:6)
  41 killer bees
  4 wights (D:10)
  3 howler monkeys (D:8)
  A bullfrog zombie (D:5)
  2 centaur zombies
  8 jellies
  4 orc priests
  A bullfrog skeleton (D:7)
  6 iguanas
  8 orc wizards
  A hell rat (Lair:4)
  3 killer bee zombies
  6 ogre zombies (D:11)
  4 centaur simulacra
  A hound skeleton (D:4)
  A mummy (D:11)
  A howler monkey zombie (D:9)
  3 gnolls (D:4)
  9 adders
  A shadow imp (D:6)
  2 adder skeletons (D:4)
  3 worms
  2 dart slugs (D:2)
  29 orcs
  6 ball pythons
  6 endoplasms
  3 giant cockroaches
  7 goblins
  9 hobgoblins
  7 jackals (D:2)
  3 quokkas (D:1)
  13 bats
  15 frilled lizards
  2 goblin skeletons (D:11)
  2 goblin zombies (D:11)
  A hobgoblin skeleton (D:11)
  9 kobolds
  2 orc skeletons (D:11)
  12 orc zombies (D:11)
  A rat (shapeshifter) (Gauntlet)
  2 rats
682 creatures vanquished.

Vanquished Creatures (others)
  2 humans (D:15)
  An orc (D:8)
  66 fungi
  80 plants
  14 withered plants (Gauntlet)
163 creatures vanquished.

Grand Total: 845 creatures vanquished

Notes
Turn   | Place    | Note
-------+----------+-------------------------------------------
     0 | D:1      | wakim the Troll Fighter began the quest for the Orb.
     0 | D:1      | Reached XP level 1. HP: 22/22 MP: 0/0
   132 | D:1      | Reached XP level 2. HP: 29/29 MP: 1/1
   467 | D:1      | Reached XP level 3. HP: 36/36 MP: 2/2
   694 | D:2      | Reached skill level 3 in Unarmed Combat
   735 | D:2      | Reached XP level 4. HP: 44/44 MP: 3/3
   997 | D:2      | Found a faded altar of an unknown god.
  1346 | D:3      | Noticed a centaur
  1367 | D:3      | Killed a centaur
  1368 | D:3      | Reached XP level 5. HP: 46/53 MP: 4/4
  1477 | D:3      | Reached skill level 4 in Unarmed Combat
  1931 | D:4      | Reached XP level 6. HP: 61/61 MP: 5/5
  1949 | D:4      | Noticed an ice beast
  1950 | D:4      | Noticed an orc warrior
  2288 | D:4      | Found a staircase to the Ecumenical Temple.
  2299 | D:4      | Reached skill level 5 in Unarmed Combat
  2299 | D:4      | Reached XP level 7. HP: 67/67 MP: 6/6
  2303 | Temple   | Entered the Ecumenical Temple
  2334 | Temple   | Became a worshipper of Qazlal Stormbringer
  2790 | D:4      | Identified the ring "Umyl" {rC+ rN+}
  2824 | D:5      | Entered Level 5 of the Dungeon
  2960 | D:5      | Reached skill level 6 in Unarmed Combat
  2999 | D:5      | Found Alom's Armour Emporium.
  3059 | D:5      | Reached XP level 8. HP: 78/78 MP: 7/7
  3182 | D:5      | You fall into a shaft and drop 2 floors!
  3394 | D:7      | Reached skill level 1 in Invocations
  3740 | D:7      | Reached skill level 7 in Unarmed Combat
  4029 | D:7      | Reached * piety under Qazlal
  4511 | D:6      | Noticed Menkaure
  4516 | D:6      | Killed Menkaure
  4517 | D:6      | Reached skill level 1 in Throwing
  4711 | D:6      | Reached XP level 9. HP: 86/87 MP: 9/9
  4755 | D:6      | Found a radiant altar of Vehumet.
  5147 | D:6      | Noticed Sigmund
  5153 | D:6      | Found Xicyowag's Assorted Antiques.
  5159 | D:6      | Killed Sigmund
  5160 | D:6      | Reached skill level 5 in Fighting
  5160 | D:6      | Reached skill level 5 in Dodging
  5160 | D:6      | Reached skill level 5 in Shields
  5165 | D:6      | Bought a scroll labelled KIYSHR POELIHO for 26 gold pieces
  5165 | D:6      | Bought a scroll labelled VUSIYVO VOWUTS for 26 gold pieces
  5410 | D:8      | Reached skill level 8 in Unarmed Combat
  5453 | D:8      | Noticed Psyche
  5555 | D:8      | Killed Psyche
  5674 | D:8      | Noticed a cyclops
  5699 | D:8      | Killed a cyclops
  6183 | D:9      | Found Eligej's Armour Shop.
  6187 | D:9      | Found Peyzuob's Assorted Antiques.
  6194 | D:9      | Bought a scroll labelled DALEAM BUGEERA for 25 gold pieces
  6297 | D:9      | Found Guczuoti's Distillery.
  6415 | D:9      | Found Xosia's Assorted Antiques.
  6428 | D:9      | Reached XP level 10. HP: 91/96 MP: 8/11
  6505 | D:9      | Found a runed translucent door.
  6505 | D:9      | Found a shimmering altar of Xom.
  6505 | D:9      | Noticed Tribosh's ghost (journeyman FoFi)
  6506 | D:9      | Noticed a +2 trident of chaos
  6629 | D:9      | Found Dachuth's Armour Shop.
  6727 | D:9      | Reached ** piety under Qazlal
  6829 | D:9      | Found a blossoming altar of Fedhas.
  6904 | D:10     | Entered Level 10 of the Dungeon
  6997 | D:10     | Reached skill level 9 in Unarmed Combat
  7101 | D:10     | Reached skill level 5 in Throwing
  7135 | D:10     | Noticed a two-headed ogre
  7147 | D:10     | Killed a two-headed ogre
  7470 | D:10     | Found a staircase to the Lair.
  7651 | D:10     | Reached skill level 10 in Unarmed Combat
  7655 | D:10     | Reached *** piety under Qazlal
  7656 | D:10     | Reached XP level 11. HP: 95/102 MP: 10/13
  7985 | D:9      | Bought a potion of haste for 140 gold pieces
  7985 | D:9      | Bought a potion of heal wounds for 70 gold pieces
  7985 | D:9      | Bought a potion of heal wounds for 70 gold pieces
  8249 | D:11     | Identified 2 scrolls of acquirement
  8249 | D:11     | Acquired a manual of Armour
  8251 | D:11     | Acquired the +1 pearl dragon scales "Mekiwesem" {rElec rF-
                  | rN+ Will++ rCorr}
  8395 | D:11     | Reached skill level 1 in Armour
  8421 | D:11     | Reached skill level 5 in Invocations
  8471 | D:11     | Found a staircase to the Orcish Mines.
  8492 | D:11     | Reached **** piety under Qazlal
  8602 | D:11     | Noticed a two-headed ogre
  8612 | D:11     | Killed a two-headed ogre
  8870 | D:11     | Found a snail-covered altar of Cheibriados.
  8987 | D:12     | Noticed a skeletal warrior
  8999 | D:12     | Noticed a death knight
  9044 | D:11     | Killed a skeletal warrior
  9205 | D:12     | Noticed a sun demon
  9229 | D:12     | Noticed a skeletal warrior
  9300 | D:11     | Killed a death knight
  9385 | D:12     | Reached skill level 5 in Armour
  9393 | D:12     | Reached skill level 11 in Unarmed Combat
  9646 | D:12     | Killed a skeletal warrior
  9647 | D:12     | Reached XP level 12. HP: 113/113 MP: 13/15
 10219 | Lair:1   | Entered Level 1 of the Lair of Beasts
 10250 | Lair:1   | Noticed Urug
 10264 | Lair:1   | Killed Urug
 11002 | Lair:2   | Noticed a death yak
 11003 | Lair:2   | Noticed a death yak
 11005 | Lair:2   | Noticed a death yak
 11022 | Lair:1   | Killed a death yak
 11370 | Lair:2   | Noticed a death yak
 11380 | Lair:2   | Noticed a death yak
 11384 | Lair:2   | Killed a death yak
 11384 | Lair:2   | Noticed a death yak
 11391 | Lair:2   | Noticed a death yak
 11396 | Lair:2   | Killed a death yak
 11400 | Lair:2   | Killed a death yak
 11400 | Lair:2   | Noticed a death yak
 11404 | Lair:2   | Killed a death yak
 11411 | Lair:2   | Killed a death yak
 11412 | Lair:2   | Reached skill level 12 in Unarmed Combat
 11432 | Lair:2   | Killed a death yak
 11435 | Lair:2   | Killed a death yak
 11548 | Lair:2   | Noticed a five-headed hydra
 11553 | Lair:2   | Killed a five-headed hydra
 11671 | Lair:2   | Found a staircase to the Snake Pit.
 12604 | Lair:3   | Reached XP level 13. HP: 107/123 MP: 17/17
 13627 | Lair:3   | Reached skill level 10 in Armour
 13811 | Lair:4   | Noticed feelmyfire's ghost (journeyman DsAK)
 13887 | Lair:4   | Found a staircase to the Swamp.
 13987 | Lair:4   | Reached skill level 13 in Unarmed Combat
 14553 | Lair:4   | Reached XP level 14. HP: 133/133 MP: 18/18
 14691 | Lair:4   | Found a runed translucent door.
 15353 | D:10     | Killed Tribosh's ghost
 15522 | Lair:4   | Killed feelmyfire's ghost
 15988 | Lair:5   | Found a staircase to the Slime Pits.
 16061 | Lair:5   | Reached ***** piety under Qazlal
 16573 | Lair:6   | Entered Level 6 of the Lair of Beasts
 16573 | Lair:6   | Found a gate leading to a gauntlet.
 16617 | Gauntlet | Entered a Gauntlet
 16617 | Gauntlet | Found a transporter.
 16671 | Gauntlet | Found a transporter.
 16672 | Gauntlet | Found a transporter.
 16673 | Gauntlet | Found a transporter.
 16676 | Gauntlet | Found a transporter.
 16677 | Gauntlet | Found a transporter.
 16689 | Gauntlet | Found a transporter.
 16690 | Gauntlet | Found a transporter.
 16751 | Gauntlet | Found a runed translucent door.
 16752 | Gauntlet | Found a transporter.
 16753 | Gauntlet | Found a transporter.
 16757 | Gauntlet | Found a transporter.
 16758 | Gauntlet | Found a runed translucent door.
 16767 | Gauntlet | Found a transporter.
 16891 | Gauntlet | Identified the +1 pair of boots of Tomiy {-Cast rN+ Dex+10}
 16962 | Gauntlet | Identified the ring "Earthly Heaven" {rF+ rCorr}
 17098 | Lair:6   | Found a frozen archway.
 17121 | IceCv    | Entered an ice cave
 17335 | IceCv    | Reached skill level 14 in Unarmed Combat
 17453 | IceCv    | Identified the amulet "Toat" {Faith Harm rN+++ Regen+
                  | Slay-6}
 17461 | IceCv    | Identified the ring of Conaw {Ice rCorr Stlth+}
 18062 | Lair:6   | Reached XP level 15. HP: 89/145 MP: 20/20
 19126 | D:13     | Found a gate to the Vaults.
 20087 | D:14     | Reached skill level 10 in Invocations
 20186 | D:14     | Identified the +4 scale mail of Privacy {Str-3 Int+6}
 20769 | D:15     | Entered Level 15 of the Dungeon
 20776 | D:15     | Noticed Kirke
 20815 | D:14     | Killed Kirke
 20890 | D:14     | Reached skill level 10 in Throwing
 21057 | D:15     | Noticed Roxanne
 21074 | D:15     | Found a staircase to the Depths.
 21111 | D:15     | Reached ****** piety under Qazlal
 21226 | D:14     | Reached skill level 10 in Fighting
 21446 | D:15     | Noticed Louise
 21456 | D:15     | Killed Louise
 21457 | D:15     | Reached XP level 16. HP: 155/158 MP: 22/22
 21630 | D:15     | Found Plog's General Store.
 21639 | D:15     | Bought a scroll of enchant armour for 105 gold pieces
 21639 | D:15     | Bought a scroll of teleportation for 42 gold pieces
 22189 | D:15     | Killed Roxanne
 22223 | Depths:1 | Entered Level 1 of the Depths
 22253 | Depths:1 | Reached skill level 15 in Unarmed Combat
 22564 | Depths:1 | Paralysed by a great orb of eyes for 3 turns
 22566 | Depths:1 | Demolished by an ettin

Illustrated notes

Levels and vault maps discovered:
D:1:      scummos_arrival_star, layout_loops_ring, minmay_lizard_king
D:2:      layout_rooms, shapermc_ecumenical_altar_starsandcircs
D:3:      layout_basic
D:4:      layout_loops_cross, minmay_temple_entry_ruins, serial_aquarium,
          aquarium_bridge_square [aquarium_subvault_bridge,
          aquarium_subvault_wall, aquarium_subvault_bridge,
          aquarium_subvault_bridge], aquarium_window_2,
          aquarium_window_corridor_1, aquarium_view_2b,
          hangedman_abyss_or_decor_passed
D:5:      layout_basic, serial_shops, nicolae_shop_stone, dk_vineyard_2
D:6:      layout_basic, nicolae_overflow_crystal_walls, serial_shops,
          kennysheep_mini_moat, grunt_decor_mini_mirrors,
          kennysheep_generic_room_11, uniq_menkaure, uniq_sigmund
D:7:      old_forge, layout_loops_cross, minmay_misc_feat_rows
D:8:      layout_cave_pools, minmay_misc_feat_encased, uniq_psyche
D:9:      layout_basic, kennysheep_mini, ebering_ghost_xom, serial_shops,
          nicolae_shop_competitors_out_of_business, shop,
          nicolae_shop_behind_doors, shop, nicolae_shop_window_shopping
D:10:     layout_loops_cross, due_lair_maze_entry_diamond, serial_ice,
          serial_ice_k, serial_ice_m, serial_ice_h, serial_ice_e, library_closet
D:11:     layout_small_grid, zombieorc1_lemuel, slow_altar_2
D:12:     layout_gridville, hangedman_decor_diamond_cutter
D:13:     layout_roguey, lightli_vaults_fourway_checkpoint
D:14:     layout_irregular_city, moated_statue
D:15:     hangedman_depths_entry_civil_slaughter, layout_gridville,
          serial_shops, shop_statue, uniq_louise, uniq_kirke, uniq_roxanne
Temple:   regret_index_temple_chain_breaker
Lair:1:   layout_small_grid, chequers_serial_rivers_large_a,
          columned_hall_lemuel, infiniplex_staircase_pool, lemuel_fruit_fields,
          uniq_urug
Lair:2:   layout_layer_cave, guppyfry_snake_entry_island
Lair:3:   nzn_winding_woodlands_stair_cross [nzn_winding_woodlands_5x15_zeroes,
          nzn_winding_woodlands_center_garden, nzn_winding_woodlands_5x15_pool,
          nzn_winding_woodlands_5x5_cross, nzn_winding_woodlands_hourglass,
          nzn_winding_woodlands_5x15_cabin,
          nzn_winding_woodlands_center_triple_pond,
          nzn_winding_woodlands_5x15_jagged], layout_misc_corridors
Lair:4:   hangedman_what_comes_after_a, layout_small_grid, swamp_mist,
          hellmonk_ghost_happy_afterlife, wad_woods_road_02
Lair:5:   layout_loops_ring, minmay_slime_entry_pillars, st_stairs_9,
          grunt_megastairs_5
Lair:6:   minmay_lair_end_enchanted_forest, layout_cave_shapes,
          gauntlet_entry_generic, serial_rivers, chequers_serial_rivers_small_3,
          chequers_serial_rivers_micro_b, chequers_serial_rivers_marsh,
          chequers_serial_rivers_micro_c, chequers_serial_rivers_room_a,
          portal_ice_cave_entry_ice_beasts, chequers_serial_rivers_micro_c
Depths:1: layout_cave_pools, enter_ziggurat_d, lemuel_round_altar, hell_entry,
          grunt_ministairs_6, hangedman_abyss_or_decor_stabs, st_stairs_10,
          fountainhead, tgw_xom, uniq_enchantress

Skill      XL: |  1  2  3  4  5  6  7  8  9 10 11 12 13 14 15 16 |
---------------+-------------------------------------------------+-----
Unarmed Combat | 3 4 5 6 7 8 10 11 12 13 14 15 | 15.1
Fighting       | 3 4 5 6 7 8 10 | 10.8
Dodging        | 3 4 5 6 7 8 9 |  9.0
Shields        | 3 4 5 6 |  6.0
Invocations    | 2 3 4 6 7 9 10 | 10.7
Throwing       | 1 4 6 7 8 9 10 | 10.5
Armour         | 6 8 11 12 | 12.2

Action                   |  1- 3 |  4- 6 |  7- 9 | 10-12 | 13-15 | 16-18 || total
-------------------------+-------+-------+-------+-------+-------+-------++-------
Melee: Unarmed           |   122 |   154 |   234 |   622 |  1312 |   132 ||  2576
Throw: Boomerang         |       |       |     3 |    30 |    65 |       ||    98
       Dart              |       |       |       |       |    16 |     6 ||    22
       Large rock        |       |       |       |       |     4 |    12 ||    16
Invok: Upheaval          |       |       |       |     3 |    11 |     3 ||    17
       Elemental Force   |       |       |       |     1 |       |       ||     1
Evoke: Wand              |       |       |     4 |    14 |       |       ||    18
  Use: Scroll            |     2 |     3 |    16 |     6 |     4 |     1 ||    32
 Stab: Petrified         |       |       |       |       |     5 |       ||     5
Armor: Robe              |    48 |    42 |    52 |    37 |       |       ||   179
       Skin              |       |       |     3 |       |       |       ||     3
       Pearl dragon scal |       |       |       |   150 |   606 |    27 ||   783
Dodge: Dodged            |    42 |    45 |    65 |   209 |   444 |    17 ||   822
       Repelled          |       |       |       |     1 |     5 |     1 ||     7
Block: Kite shield       |    51 |    61 |    95 |   518 |  1253 |    73 ||  2051

Table legend: (Time is in decaauts)
 A = Elapsed time spent in this place.
 B = Non-inter-level travel time spent in this place.
 C = Inter-level travel time spent in this place.
 D = Time resting spent in this place.
 E = Time spent auto-exploring this place.
 F = Levels seen in this place.
 G = Mean time per level.
                   A        B        C        D        E       F      G
               +--------+--------+--------+--------+--------+-----+--------+
         Total |  22407 |  20722 |   1685 |    438 |  15043 |  25 |  896.3 |
       Dungeon |  13842 |  12731 |   1111 |    387 |   9085 |  15 |  922.8 |
        Temple |     41 |     32 |      9 |      0 |     29 |   1 |   41.0 |
          Lair |   7399 |   6835 |    564 |     51 |   5278 |   6 | 1233.2 |
        Depths |    205 |    205 |      0 |      0 |     49 |   1 |  205.0 |
      Ice Cave |    556 |    556 |      0 |      0 |    383 |   1 |  556.0 |
      Gauntlet |    361 |    361 |      0 |      0 |    218 |   1 |  361.0 |
               +--------+--------+--------+--------+--------+-----+--------+

Top non-repeatable levels by time:
  Lair:2: 1798 daAuts
    D:15: 1388 daAuts
  Lair:4: 1370 daAuts
  Lair:3: 1312 daAuts
    D:11: 1269 daAuts
    D:10: 1229 daAuts
    D:14: 1156 daAuts
     D:7: 1116 daAuts
  Lair:6: 1057 daAuts
    D:12: 998 daAuts
     D:6: 985 daAuts
  Lair:1: 943 daAuts
     D:9: 924 daAuts
  Lair:5: 917 daAuts
     D:4: 891 daAuts
